Map: Romanticide LE

Players

Vindicta

  • Race: Terran Terran

Semper - Winner!

  • Race: Terran Terran

Event: DreamHack SC2 Masters 2021 Fall

VOD

Have the link to the VOD?

Description

Time

  • Played on: Aug. 4, 2021, 4:42 p.m.
  • Length: 25:55

All games in this series

Show
View Real Time Build Order
Export as new Build Order

Vindicta Terran 

Build Orders: Mech 

Get SALT Encoding   

  12  0:00  SCV  
  13  0:13  SCV  
  14  0:18  Supply Depot  
  14  0:25  SCV  
  15  0:39  SCV  
  15  0:41  Barracks  
  16  0:45  Refinery  
  16  0:50  Refinery  
  16  0:53  SCV  
  17  1:05  SCV  
  18  1:17  SCV  
  19  1:29  Reaper  
  19  1:30  Supply Depot  
  19  1:31  Orbital Command  
  20  1:45  Factory  
  20  1:56  SCV  
  21  2:01  Reaper  
  21  2:08  SCV  
  22  2:20  SCV  
  23  2:29  Hellion  
  25  2:33  Reaper, SCV  
  27  2:39  Command Center  
  27  2:45  SCV  
  27  2:51  Hellion  
  30  2:52  Supply Depot  
  30  2:57  SCV  
  31  3:01  Starport  
  31  3:13  Barracks Reactor, Factory Tech Lab  
  31  3:14  SCV  
  31  3:16  Refinery  
  31  3:26  SCV  
  32  3:31  Cyclone  
  35  3:38  SCV  
  34  3:46  Starport Tech Lab  
  31  3:50  Marine x2, SCV  
  35  4:02  SCV  
  35  4:13  Marine x2, Raven  
  35  4:16  SCV  
  40  4:17  Orbital Command  
  39  4:29  SCV  
  42  4:35  Command Center  
  42  4:38  Marine  
  43  4:40  Marine  
  43  4:44  SCV  
  45  4:47  Siege Tank  
  45  4:49  SCV  
  47  4:56  SCV  
  47  4:57  Raven  
  50  5:02  SCV  
  50  5:04  Supply Depot  
  51  5:07  Marine  
  51  5:08  SCV  
  51  5:10  Marine  
  54  5:18  Supply Depot  
  54  5:21  Refinery  
  54  5:24  SCV x2  
  54  5:29  Siege Tank  
  57  5:36  SCV x2  
  57  5:39  Supply Depot  
  57  5:48  SCV x2  
  59  5:51  Viking  
  59  5:52  Viking  
  64  5:58  Orbital Command  
  64  6:02  Siege Tank  
  66  6:04  SCV  
  66  6:07  SCV  
  68  6:16  SCV  
  69  6:19  SCV  
  69  6:21  Viking  
  69  6:22  Viking  
  69  6:24  SCV  
  75  6:28  SCV  
  75  6:29  Factory  
  75  6:31  Factory  
  75  6:32  SCV, Orbital Command  
  77  6:36  Engineering Bay  
  77  6:38  Siege Tank  
  80  6:41  SCV  
  80  6:44  SCV  
  82  6:52  Supply Depot x2  
  82  6:53  SCV  
  83  6:54  Viking  
  83  6:56  SCV  
  83  6:58  Viking  
  83  7:00  SCV  
  89  7:05  SCV  
  89  7:08  SCV  
  91  7:12  SCV, Sensor Tower  
  91  7:14  Factory Reactor  
  91  7:15  Sensor Tower  
  92  7:17  SCV  
  92  7:18  Siege Tank  
  96  7:23  SCV  
  96  7:24  SCV  
  96  7:28  Refinery  
  96  7:29  Refinery, SCV  
  99  7:30  Supply Depot  
  99  7:32  Supply Depot  
  99  7:35  SCV  
  99  7:36  SCV  
  103  7:39  Viking  
  103  7:41  Viking  
  105  7:44  SCV, Siege Tank  
  105  7:50  SCV  
  109  7:51  SCV  
  109  7:57  SCV  
  107  8:02  SCV, Siege Tank  
  107  8:03  SCV  
  112  8:09  Viking  
  112  8:10  Hellion x2  
  112  8:11  Sensor Tower  
  118  8:13  Command Center  
  118  8:14  SCV, Supply Depot  
  118  8:17  Viking  
  121  8:20  SCV  
  121  8:24  Infernal Pre-Igniter  
  121  8:26  Siege Tank  
  125  8:36  SCV  
  125  8:37  Missile Turret  
  125  8:38  Missile Turret  
  125  8:39  SCV, Missile Turret  
  125  8:40  SCV, Armory  
  125  8:41  Armory  
  128  8:45  Supply Depot  
  128  8:48  Siege Tank  
  131  8:49  SCV  
  131  8:51  SCV  
  131  8:53  SCV  
  133  8:58  Supply Depot  
  133  8:59  Supply Depot  
  133  9:07  SCV, Hellion x2, Liberator  
  133  9:08  Liberator  
  141  9:10  Supply Depot  
  141  9:14  SCV  
  144  9:29  Siege Tank  
  144  9:31  Terran Vehicle Weapons Level 1, Missile Turret  
  147  9:32  SCV x3  
  147  9:33  Terran Vehicle And Ship Armor Level 1  
  147  9:34  Missile Turret x2  
  147  9:37  Hellion x2  
  154  9:42  Hellion  
  154  9:43  Factory  
  153  9:45  Factory  
  153  9:49  SCV  
  154  9:58  Missile Turret  
  154  9:59  Missile Turret  
  154  10:00  Missile Turret  
  154  10:05  Hellion x2  
  164  10:12  Thor x2  
  162  10:27  Factory Reactor, Hellion x2  
  163  10:29  Factory Tech Lab  
  163  10:33  Refinery  
  154  10:38  Viking x2, Sensor Tower  
  158  10:48  Hellion  
  159  10:50  Planetary Fortress  
  159  10:53  Hellion  
  159  10:56  Hellion  
  166  10:58  Refinery  
  166  11:02  Refinery, Missile Turret  
  166  11:03  Missile Turret  
  159  11:04  Thor  
  171  11:12  Drilling Claws  
  171  11:14  Widow Mine x3, Smart Servos  
  171  11:16  Hellion  
  179  11:24  Viking  
  177  11:26  Supply Depot  
  177  11:27  Terran Vehicle Weapons Level 2  
  177  11:30  Terran Vehicle And Ship Armor Level 2  
  171  11:33  Hellion  
  171  11:35  Hellion  
  171  11:39  Supply Depot, Hellion  
  177  11:40  Command Center  
  177  11:45  Liberator  
  178  11:49  Hellion  
  178  11:52  Sensor Tower, Siege Tank  
  178  11:53  Liberator  
  184  12:00  Thor  
  190  12:03  Hellion x3  
  196  12:16  Missile Turret  
  196  12:17  Missile Turret  
  195  12:25  Supply Depot  
  191  12:31  Supply Depot  
  191  12:33  Command Center  
  181  12:46  Liberator  
  181  12:47  Siege Tank  
  181  12:49  Viking  
  181  12:51  Thor x2  
  186  12:52  Hellion  
  186  12:58  Hellion  
  193  13:17  Orbital Command  
  193  13:19  Viking, Siege Tank  
  198  13:29  Hellion  
  198  13:30  Viking  
  198  13:34  Siege Tank  
  195  13:35  Planetary Fortress  
  195  13:42  Supply Depot x2  
  195  13:44  Refinery  
  192  13:49  Orbital Command  
  192  13:51  Thor  
  192  13:54  Mag-Field Accelerator  
  192  13:55  Terran Vehicle Weapons Level 3  
  195  13:56  Cyclone  
  195  13:59  Refinery  
  195  14:00  Missile Turret x2  
  191  14:18  Hellion x2  
  191  14:19  Hellion  
  197  14:24  Hellion  
  197  14:29  Orbital Command  
  195  14:35  Liberator  
  195  14:37  Hellion x3  
  190  14:47  Hellion x2  
  190  14:48  Terran Vehicle And Ship Armor Level 3, Command Center  
  190  14:50  Liberator  
  194  14:57  Thor  
  194  14:59  Cyclone x2  
  187  15:01  SCV x2  
  187  15:04  SCV, Factory  
  165  15:10  Hellion  
  165  15:12  Hellion  
  169  15:15  SCV x2  
  169  15:16  Refinery, Hellion  
  170  15:23  Sensor Tower  
  170  15:25  Liberator  
  170  15:26  Hellion  
  173  15:31  SCV, Hellion, Siege Tank x2  
  173  15:33  Liberator  
  173  15:34  Widow Mine  
  185  15:40  SCV x2  
  186  15:43  Cyclone  
  186  15:55  Factory Tech Lab  
  183  15:57  Factory  
  183  16:03  Siege Tank  
  186  16:08  Viking  
  186  16:09  Sensor Tower, Siege Tank  
  191  16:16  Siege Tank x2, Liberator  
  200  16:35  Thor  
  200  16:42  Thor  
  200  16:44  Thor, Command Center  
  193  16:48  Siege Tank  
  193  16:51  Thor  
  193  16:53  Hellion  
  189  16:59  Hellion  
  189  17:01  Widow Mine x2  
  189  17:02  Planetary Fortress  
  189  17:03  SCV  
  189  17:07  Terran Ship Weapons Level 1, Factory Tech Lab  
  188  17:16  Refinery, Hellion  
  188  17:17  Refinery, Missile Turret  
  188  17:18  SCV, Cyclone  
  188  17:20  Cyclone  
  173  17:28  Hellion x2  
  170  17:30  Hellion  
  170  17:33  Liberator  
  170  17:35  Liberator  
  170  17:36  Hellion  
  175  17:42  Widow Mine  
  177  17:46  Cyclone x2  
  177  17:49  Hellion x2  
  177  17:50  Hellion  
  186  17:53  Cyclone  
  189  17:58  Cyclone  
  188  18:07  Widow Mine x2  
  188  18:10  Widow Mine  
  188  18:11  Widow Mine, Cyclone  
  177  18:16  Liberator  
  177  18:17  Liberator  
  177  18:18  Cyclone  
  180  18:20  Siege Tank  
  180  18:26  Hellion  
  184  18:29  Hellion  
  184  18:31  Cyclone  
  188  18:43  Cyclone  
  188  18:47  Cyclone  
  191  18:50  Cyclone  
  191  18:56  Widow Mine x2, Cyclone  
  191  18:57  Hellion  
  191  18:59  Hellion, Liberator  
  195  19:03  Cyclone  
  196  19:15  Cyclone  
  177  19:18  Hellion x2  
  177  19:19  Cyclone  
  177  19:20  Hellion  
  177  19:21  Hellion  
  177  19:22  Cyclone  
  178  19:28  SCV, Cyclone  
  178  19:30  SCV x2  
  181  19:34  Orbital Command  
  184  19:39  Hellion  
  184  19:40  Hellion  
  184  19:42  Hellion  
  188  19:48  Cyclone  
  188  19:51  Hellion, Cyclone  
  187  20:02  SCV  
  187  20:05  Refinery  
  172  20:08  Siege Tank x2  
  172  20:11  Refinery x2, Hellion  
  181  20:17  SCV  
  181  20:21  Orbital Command  
  181  20:23  Siege Tank  
  182  20:35  Command Center  
  182  20:39  Hellion x2  
  182  20:41  Liberator x2  
  189  20:47  Missile Turret x2  
  189  20:48  Cyclone  
  189  20:53  SCV  
  189  20:56  Cyclone  
  183  21:07  Cyclone  
  187  21:13  Missile Turret  
  187  21:14  Missile Turret  
  187  21:17  Missile Turret x3  
  187  21:21  Hellion  
  187  21:24  Cyclone, Liberator  
  192  21:26  Orbital Command  
  192  21:27  Hellion  
  194  21:34  Sensor Tower  
  194  21:37  Liberator  
  194  21:38  Siege Tank  
  194  21:58  Siege Tank  
  194  21:59  Hellion  
  194  22:05  Thor  
  194  22:07  Liberator  
  197  22:13  Thor  
  197  22:17  Hellion  
  194  22:30  Hellion x2  
  194  22:31  Widow Mine  
  194  22:33  SCV  
  196  22:39  Hellion  
  196  22:40  Siege Tank  
  196  22:42  SCV x3  
  188  22:47  Thor  
  188  22:48  Hellion, Cyclone  
  183  23:02  Hellion, Siege Tank  
  183  23:03  Hellion  
  166  23:05  Hellion  
  166  23:06  Unknown  
  166  23:09  Siege Tank  
  166  23:12  Siege Tank  
  137  23:15  Planetary Fortress  
  137  23:18  Hellion  
  133  23:20  Cyclone  
  136  23:30  Cyclone  
  136  23:33  Thor  
  141  23:43  Hellion  
  141  23:46  Thor  
  121  23:49  Hellion  
  121  23:53  Cyclone  
  109  23:56  Hellion x2  
  109  24:00  SCV  
  109  24:02  Siege Tank  
  111  24:04  Hellion  
  111  24:09  SCV x3  
  116  24:10  Refinery  
  116  24:12  SCV, Hellion  
  121  24:17  Hellion x2  
  121  24:19  Hellion, Siege Tank  
  121  24:21  SCV x2  
  126  24:30  Thor  
  126  24:36  Liberator  
  127  24:42  Thor  
  133  24:54  Hellion  
  131  25:00  Refinery  
  131  25:06  Liberator  
  135  25:18  Hellion  
  137  25:21  Cyclone  
  138  25:31  Hellion x2  
Show
View Real Time Build Order
Export as new Build Order

Semper Terran - Winner!

Build Orders:  

Get SALT Encoding   

  12  0:00  SCV  
  13  0:12  SCV  
  14  0:17  Supply Depot  
  14  0:24  SCV  
  15  0:38  SCV  
  15  0:39  Barracks  
  16  0:43  Refinery  
  16  0:50  SCV  
  16  0:52  Refinery  
  17  1:03  SCV  
  18  1:15  SCV  
  19  1:26  Reaper  
  19  1:27  Orbital Command  
  20  1:33  Supply Depot  
  20  1:40  Factory  
  20  1:52  SCV  
  21  1:58  Reaper  
  22  2:04  SCV  
  23  2:16  Command Center  
  23  2:20  SCV  
  24  2:25  Hellion  
  26  2:32  SCV  
  26  2:33  Reaper  
  26  2:36  Supply Depot  
  28  2:47  SCV, Hellion  
  31  2:54  Starport  
  31  2:59  SCV  
  31  3:05  Barracks Reactor  
  32  3:08  Widow Mine  
  32  3:11  SCV  
  35  3:23  SCV  
  36  3:31  Orbital Command  
  36  3:35  Refinery  
  36  3:37  SCV  
  37  3:47  Factory Tech Lab, Starport Tech Lab  
  37  3:48  Marine x2  
  38  3:49  SCV  
  39  4:08  SCV  
  40  4:15  Raven, Siege Tank  
  40  4:16  Marine x2  
  47  4:18  SCV  
  47  4:20  Command Center  
  47  4:23  SCV  
  49  4:30  SCV  
  50  4:34  Marine x2  
  50  4:43  SCV x2  
  50  4:45  Supply Depot  
  52  4:46  Supply Depot  
  52  4:58  Marine x2  
  54  5:06  Refinery, Raven  
  61  5:07  SCV x2, Siege Tank  
  61  5:10  Barracks  
  61  5:11  Barracks  
  61  5:19  SCV x2  
  63  5:21  Marine x2  
  65  5:28  Engineering Bay  
  65  5:31  SCV  
  65  5:32  Engineering Bay  
  65  5:35  Orbital Command  
  66  5:40  Siege Tank  
  69  5:43  SCV x2  
  69  5:47  Supply Depot  
  69  5:48  Supply Depot  
  71  5:55  SCV, Orbital Command  
  73  5:57  SCV  
  73  6:02  Terran Infantry Armor Level 1, Terran Infantry Weapons Level 1  
  73  6:04  Stimpack  
  73  6:05  Viking  
  73  6:06  Viking  
  73  6:07  SCV  
  73  6:11  Barracks Reactor x2, Marine  
  78  6:12  SCV  
  80  6:19  SCV  
  80  6:21  SCV  
  82  6:30  SCV  
  82  6:31  SCV  
  84  6:35  Viking  
  84  6:36  Viking, Siege Tank  
  84  6:39  Barracks  
  91  6:41  Barracks  
  91  6:42  SCV  
  91  6:44  SCV  
  93  6:50  Marine x4  
  97  6:56  SCV x2  
  97  6:57  SCV  
  97  6:59  Sensor Tower  
  97  7:00  Supply Depot  
  100  7:01  Supply Depot  
  100  7:07  Viking  
  100  7:08  Viking  
  104  7:13  Siege Tank  
  104  7:14  Marine x2  
  109  7:22  Marine, SCV x2  
  112  7:24  Refinery x2  
  112  7:25  Marine  
  112  7:28  Barracks Reactor x2  
  113  7:30  Marine  
  114  7:39  Marine x3  
  114  7:41  SCV  
  114  7:42  SCV  
  114  7:43  Marine  
  119  7:45  Siege Tank  
  119  7:46  Armory  
  119  7:47  Marine  
  119  7:48  Combat Shield  
  123  7:54  SCV x2  
  125  8:01  Supply Depot  
  125  8:02  Marine, Supply Depot, Medivac  
  127  8:14  Marine x5  
  127  8:18  SCV  
  133  8:20  Supply Depot x2, Factory  
  133  8:22  SCV x2  
  133  8:24  Supply Depot  
  133  8:27  Supply Depot  
  135  8:33  Missile Turret  
  134  8:36  Missile Turret  
  134  8:37  Medivac x2  
  134  8:38  Marine  
  139  8:46  Marine  
  139  8:47  Marine x4  
  144  8:49  SCV x2  
  144  9:02  Command Center  
  144  9:07  Terran Infantry Weapons Level 2  
  144  9:13  Siege Tank  
  147  9:20  Siege Tank  
  147  9:23  Barracks Tech Lab  
  150  9:25  Barracks Tech Lab x2  
  150  9:26  SCV x3  
  150  9:27  Terran Infantry Armor Level 2  
  153  9:31  Terran Ship Weapons Level 1  
  153  9:32  Starport  
  153  9:35  Starport  
  153  9:42  Supply Depot  
  153  9:43  Supply Depot  
  153  9:44  Bunker  
  151  9:50  Siege Tank  
  154  9:53  Viking x2  
  158  10:05  Marine, Marauder  
  164  10:07  Siege Tank  
  163  10:27  Viking x6  
  175  10:32  Fusion Core  
  175  10:33  Armory  
  175  10:43  SCV x2  
  175  10:45  Refinery  
  175  10:47  Refinery  
  172  10:55  Command Center  
  171  11:05  Liberator x4  
  183  11:14  Supply Depot  
  183  11:15  Planetary Fortress, Marauder x2  
  183  11:16  SCV  
  183  11:17  SCV  
  189  11:23  Sensor Tower, Concussive Shells  
  189  11:24  Missile Turret  
  189  11:27  Liberator  
  192  11:38  Advanced Ballistics  
  191  11:40  Terran Vehicle And Ship Armor Level 1  
  191  11:43  SCV  
  191  11:51  Liberator  
  196  11:54  Marauder x3  
  200  12:01  Command Center  
  200  12:07  Command Center  
  199  12:31  Marine  
  194  12:49  Marine  
  194  12:50  Marauder  
  195  12:53  Liberator  
  195  13:01  Viking, Liberator  
  195  13:03  Terran Infantry Armor Level 3, Terran Infantry Weapons Level 3  
  200  13:06  Planetary Fortress  
  200  13:07  Barracks  
  200  13:08  Barracks  
  200  13:10  Refinery x2, Command Center  
  200  13:11  Command Center  
  191  13:34  Viking x2, Liberator  
  191  13:39  Starport x2  
  191  13:40  Starport  
  198  13:41  Orbital Command  
  198  13:42  Orbital Command  
  198  13:51  Viking  
  197  14:06  Liberator  
  197  14:07  Liberator  
  193  14:12  Terran Ship Weapons Level 2  
  193  14:13  Terran Vehicle And Ship Armor Level 2  
  193  14:14  Marine, Marauder  
  190  14:33  Viking x2  
  188  14:39  Liberator x2  
  188  14:40  Barracks Tech Lab  
  188  14:43  Marine, Marauder  
  196  14:49  Liberator  
  196  14:50  Barracks Tech Lab  
  197  14:55  Liberator  
  197  14:59  Marine  
  196  15:00  Marine, Marauder  
  193  15:11  Liberator x2  
  193  15:13  Refinery  
  199  15:16  Command Center  
  199  15:17  Orbital Command  
  198  15:22  Starport Tech Lab  
  198  15:23  Starport Tech Lab x2  
  198  15:25  Command Center  
  198  15:29  Smart Servos  
  198  15:30  Refinery  
  198  15:31  Refinery, Liberator  
  197  15:45  SCV  
  197  15:47  Missile Turret x2  
  198  15:59  Neosteel Armor  
  198  16:00  Hi-Sec Auto Tracking  
  198  16:05  Sensor Tower  
  196  16:13  Planetary Fortress  
  196  16:14  Missile Turret  
  196  16:16  Liberator  
  198  16:30  Viking  
  200  16:38  Liberator  
  199  16:47  Liberator x6  
  172  16:57  Marine x3  
  172  16:58  Marauder x3  
  172  16:59  Liberator  
  172  17:00  SCV, Liberator  
  180  17:05  SCV x2, Orbital Command  
  182  17:09  Siege Tank  
  182  17:20  SCV x3  
  182  17:21  Liberator  
  164  17:29  Marine x2, Siege Tank, Liberator  
  168  17:30  Liberator  
  168  17:32  Viking, Raven  
  168  17:35  Marine x2  
  181  17:48  Marine x5  
  181  17:49  Marauder  
  188  17:54  Raven  
  189  18:00  Raven  
  184  18:10  Orbital Command  
  184  18:23  SCV x3, Orbital Command  
  184  18:24  Command Center  
  187  18:29  Marine  
  182  18:51  SCV  
  183  19:02  Marine  
  167  19:18  Marine  
  167  19:19  Marine x6, Marauder  
  167  19:20  Marine  
  173  19:24  SCV  
  173  19:25  Viking x4, Raven  
  173  19:30  SCV  
  163  19:33  SCV x2  
  163  19:34  SCV x2  
  163  19:36  Marine, SCV  
  163  19:37  Marine x3  
  163  19:38  Marine, Marauder x3  
  175  19:39  Missile Turret  
  175  19:40  Marine, Missile Turret  
  175  19:42  SCV  
  175  19:45  SCV  
  174  19:46  SCV  
  174  19:47  SCV x2  
  174  19:50  SCV  
  174  19:54  SCV  
  174  19:56  Marauder  
  176  20:02  SCV, Missile Turret  
  174  20:07  Sensor Tower  
  174  20:08  SCV  
  174  20:10  SCV  
  174  20:11  SCV  
  177  20:15  Refinery  
  177  20:23  Siege Tank  
  177  20:25  Orbital Command  
  177  20:26  Marine, Siege Tank  
  177  20:27  Marine x3, Marauder x5  
  194  20:40  SCV  
  193  20:44  Medivac  
  193  20:45  Raven, Medivac  
  193  20:46  Corvid Reactor  
  193  20:49  Marauder  
  187  21:04  Marine  
  187  21:05  Marauder  
  185  21:13  SCV x3  
  188  21:19  SCV x2  
  188  21:20  Unknown, Command Center x2  
  188  21:24  Medivac  
  188  21:25  SCV  
  193  21:28  Raven  
  193  21:29  Raven x2  
  193  21:30  SCV  
  200  21:35  Orbital Command  
  200  21:39  Sensor Tower  
  199  21:40  Missile Turret  
  172  22:06  Marine, Siege Tank  
  172  22:07  SCV x2  
  172  22:09  SCV x3  
  172  22:10  SCV  
  174  22:19  Marine x4, SCV  
  174  22:20  SCV, Siege Tank, Marauder  
  174  22:21  SCV x3  
  174  22:22  SCV  
  189  22:31  SCV  
  190  22:44  SCV x2  
  186  22:48  Siege Tank  
  189  22:52  Siege Tank  
  172  23:06  Marine  
  160  23:15  Marine x8  
  160  23:16  Liberator  
  160  23:17  SCV x2, Liberator x3  
  160  23:18  SCV  
  183  23:20  Siege Tank  
  184  23:34  Marauder x2  
  166  23:39  Siege Tank  
  169  23:43  Marine  
  169  23:44  Marine x4, Marauder  
  167  23:52  Siege Tank  
  167  23:53  SCV  
  168  23:56  Raven  
  168  24:00  Marine x2, Marauder  
  168  24:01  Marine  
  168  24:02  Refinery, Orbital Command  
  171  24:04  Refinery  
  167  24:14  Marine x2, Marauder  
  171  24:19  Siege Tank  
  168  24:32  Orbital Command  
  168  24:34  Marine, Marauder  
  171  24:48  Marine  
  171  24:49  Marine x2, Marauder  
  171  24:52  Marine  
  173  24:53  Marine, Marauder  
  166  25:03  Marine, Siege Tank  
  166  25:04  Marauder  
  170  25:10  Marine  
  170  25:13  Command Center  
  171  25:17  Marine  
  171  25:18  Marauder  
  174  25:21  Marine  
  174  25:22  Marauder  

Tags
 
Add a new tag
Caveats
  • Supply blocks, unpowered buildings, or Contaminate may cause inaccurate times.
  • Supply counts are checked every 10 seconds.